Map: Flooded City

Players

Metasapien

  • Race: Zerg Zerg
  • League: Platinum
  • Spawn Location: 12:00

Kswiss

  • Race: Protoss Protoss
  • League: Silver
  • Spawn Location: 12:00

Salvation

  • Race: Zerg Zerg
  • League: Diamond
  • Spawn Location: 6:00

Zepplen

  • Race: Zerg Zerg
  • League: Silver
  • Spawn Location: 6:00

VOD

Have the link to the VOD?

Description

Time

  • Played on: Sept. 23, 2017, 12:10 a.m.
  • Length: 16:35
Show
View Real Time Build Order
Export as new Build Order

Metasapien Zerg 

Build Orders: Pool First 

Get SALT Encoding   

  12  0:03  Drone  
  13  0:16  Drone  
  14  0:29  Spawning Pool  
  14  0:31  Drone  
  14  0:39  Extractor  
  14  0:41  Overlord  
  13  0:46  Drone  
  14  0:59  Drone x2  
  16  1:06  Drone  
  17  1:31  Drone  
  18  1:32  Zergling x2  
  19  1:46  Drone  
  19  1:47  Hatchery  
  19  1:48  Overlord  
  19  2:01  Drone  
  20  2:08  Drone  
  21  2:23  Metabolic Boost  
  21  2:27  Queen  
  23  2:31  Zergling x4  
  26  2:40  Spine Crawler  
  25  2:46  Zergling x2  
  26  2:52  Spine Crawler  
  26  2:55  Zergling x2  
  26  3:06  Drone  
  27  3:19  Zergling x2  
  28  3:37  Hatchery  
  27  3:50  Zergling x4, Hatchery  
  27  3:51  Drone x2  
  27  3:52  Drone  
  27  3:54  Extractor  
  24  4:14  Queen  
  24  4:15  Drone x2  
  24  4:16  Roach Warren  
  24  4:27  Zergling x2  
  25  4:55  Drone  
  25  4:56  Queen  
  28  5:03  Drone, Queen  
  31  5:07  Zergling x4  
  31  5:08  Zergling x2  
  32  5:31  Pneumatized Carapace  
  32  5:36  Drone x2  
  32  5:37  Drone  
  32  5:38  Drone x3  
  36  5:57  Roach x2  
  31  6:06  Roach  
  31  6:07  Zergling x2  
  33  6:19  Drone  
  34  6:25  Drone  
  34  6:26  Drone  
  34  6:29  Drone  
  37  6:33  Drone  
  37  6:39  Drone  
  39  6:40  Drone  
  40  6:57  Drone  
  41  7:01  Overlord  
  41  7:02  Overlord  
  41  7:06  Extractor  
  41  7:08  Drone, Extractor  
  41  7:09  Drone, Extractor  
  40  7:19  Lair  
  40  7:27  Queen  
  42  7:30  Drone x2  
  42  7:37  Drone x4  
  45  7:39  Drone  
  48  7:54  Roach x3  
  48  7:55  Roach  
  54  8:07  Drone x4  
  54  8:08  Overlord, Drone  
  54  8:18  Overlord  
  54  8:19  Overlord  
  54  8:27  Roach  
  54  8:28  Roach x4  
  60  8:45  Spine Crawler  
  60  8:47  Spine Crawler  
  58  8:49  Spine Crawler  
  58  8:50  Drone x4  
  58  8:51  Drone  
  58  8:55  Queen  
  62  9:23  Drone x3  
  65  9:24  Drone x2  
  65  9:25  Drone  
  65  9:26  Drone x2  
  65  9:27  Drone  
  65  9:31  Hydralisk Den  
  68  9:36  Roach x3  
  64  9:41  Zergling x2, Roach x6  
  64  9:42  Zergling x4  
  77  9:52  Zergling x6, Roach  
  79  10:07  Drone x3, Extractor  
  80  10:15  Roach  
  80  10:17  Overlord x4  
  80  10:18  Overlord  
  81  10:28  Overlord  
  81  10:29  Overlord  
  81  10:35  Queen  
  83  10:46  Queen, Hydralisk x3  
  84  11:09  Hydralisk x2  
  84  11:10  Roach x2, Hydralisk x4  
  84  11:11  Roach x3  
  86  11:23  Drone x3  
  86  11:24  Drone  
  90  11:29  Roach x3  
  96  11:33  Glial Reconstitution  
  96  11:49  Hydralisk x2  
  96  11:50  Roach x3, Hydralisk  
  104  11:57  Hydralisk x2  
  104  11:58  Roach x3, Hydralisk x2  
  96  12:13  Hydralisk  
  96  12:14  Hydralisk  
  66  12:32  Hydralisk  
  66  12:33  Hydralisk x3  
  30  13:02  Lair  
  23  13:15  Drone x3  
  26  13:38  Hatchery  
  25  13:47  Hatchery  
  24  13:56  Hatchery  
  23  14:30  Spore Crawler  
  22  14:33  Spore Crawler  
  20  14:54  Roach  
  20  14:56  Roach x4  
  20  14:57  Roach  
  20  14:58  Roach x2  
  34  15:08  Drone  
  35  15:20  Drone  
  36  15:39  Drone  
  36  15:40  Drone x2  
  39  15:45  Drone  
  39  15:49  Drone  
  41  15:52  Drone  
  42  16:02  Ravager x2  
  42  16:03  Ravager  
Show
View Real Time Build Order
Export as new Build Order

Kswiss Protoss 

Build Orders:  

Get SALT Encoding   

  12  0:02  Probe (Chrono Boost)  
  13  0:12  Probe (Chrono Boost)  
  14  0:23  Probe (Chrono Boost), Pylon  
  15  0:42  Probe (Chrono Boost)  
  16  0:48  Gateway  
  16  0:52  Probe (Chrono Boost)  
  16  0:57  Gateway  
  17  1:03  Probe (Chrono Boost)  
  18  1:09  Pylon  
  18  1:13  Probe (Chrono Boost)  
  19  1:24  Probe (Chrono Boost)  
  20  1:34  Probe (Chrono Boost)  
  23  1:41  Zealot  
  23  1:44  Zealot  
  25  1:57  Probe (Chrono Boost)  
  26  2:01  Nexus  
  26  2:07  Forge  
  26  2:08  Probe (Chrono Boost)  
  27  2:13  Assimilator  
  27  2:17  Zealot  
  29  2:23  Zealot  
  31  2:33  Pylon  
  35  2:51  Zealot x2  
  35  3:03  Photon Cannon  
  35  3:07  Photon Cannon  
  31  3:18  Zealot x2  
  29  3:36  Photon Cannon  
  29  3:43  Probe (Chrono Boost)  
  30  3:53  Probe (Chrono Boost)  
  31  3:59  Cybernetics Core  
  31  4:02  Photon Cannon  
  31  4:04  Probe (Chrono Boost)  
  8  4:35  Probe (Chrono Boost)  
  8  4:45  Mothership Core (Chrono Boost)  
  8  4:46  Probe (Chrono Boost)  
  9  4:56  Probe (Chrono Boost)  
  10  5:04  Probe (Chrono Boost)  
  11  5:07  Probe (Chrono Boost)  
  12  5:14  Probe (Chrono Boost)  
  12  5:18  Probe (Chrono Boost)  
  14  5:25  Probe (Chrono Boost)  
  15  5:32  Probe (Chrono Boost)  
  17  5:35  Probe (Chrono Boost)  
  17  5:42  Probe (Chrono Boost)  
  18  5:46  Probe (Chrono Boost)  
  19  5:53  Probe (Chrono Boost)  
  19  5:56  Probe (Chrono Boost)  
  21  5:57  Pylon  
  21  6:15  Pylon  
  21  6:24  Stargate  
  21  6:27  Pylon  
  21  6:32  Probe (Chrono Boost)  
  22  6:33  Assimilator  
  22  6:38  Probe (Chrono Boost)  
  23  6:43  Probe (Chrono Boost)  
  24  6:48  Probe (Chrono Boost)  
  24  6:53  Probe (Chrono Boost)  
  26  6:55  Photon Cannon  
  26  6:59  Probe (Chrono Boost)  
  27  7:04  Probe (Chrono Boost)  
  27  7:07  Warp Gate  
  28  7:12  Probe (Chrono Boost)  
  28  7:14  Probe (Chrono Boost)  
  30  7:22  Probe (Chrono Boost)  
  31  7:25  Probe (Chrono Boost)  
  32  7:33  Probe (Chrono Boost)  
  32  7:35  Probe (Chrono Boost), Photon Cannon  
  19  7:55  Probe (Chrono Boost)  
  19  7:59  Void Ray (Chrono Boost)  
  23  8:06  Probe  
  24  8:18  Probe  
  27  8:30  Probe  
  26  8:37  Void Ray (Chrono Boost)  
  30  8:42  Probe  
  31  8:54  Probe  
  32  9:06  Nexus  
  32  9:07  Probe  
  33  9:25  Void Ray (Chrono Boost)  
  37  9:31  Protoss Air Weapons Level 1  
  37  10:30  Void Ray (Chrono Boost)  
  41  10:35  Probe  
  41  10:39  Stargate  
  41  10:41  Assimilator  
  42  10:46  Probe  
  43  10:56  Probe  
  32  11:07  Probe  
  33  11:17  Probe  
  33  11:21  Stalker x2  
  38  11:40  Robotics Facility  
  38  11:51  Robotics Facility  
  38  12:04  Stalker x2  
  42  12:10  Protoss Ground Weapons Level 1 (Chrono Boost)  
  42  12:16  Void Ray  
  42  12:17  Void Ray  
  50  12:30  Immortal  
  50  12:31  Probe  
  55  12:42  Probe  
  56  12:52  Probe  
  57  13:03  Probe  
  58  13:11  Gateway  
  58  13:12  Pylon  
  58  13:13  Probe  
  58  13:16  Pylon  
  59  13:23  Gateway  
  59  13:24  Probe, Stalker  
  62  13:37  Twilight Council  
  62  13:40  Immortal (Chrono Boost)  
  66  13:49  Stalker x2  
  66  13:51  Protoss Shields Level 1 (Chrono Boost)  
  70  13:57  Protoss Air Armor Level 1 (Chrono Boost)  
  70  14:05  Immortal (Chrono Boost)  
  70  14:08  Probe  
  74  14:14  Assimilator  
  75  14:19  Probe  
  76  14:36  Pylon x2  
  76  14:40  Pylon  
  76  14:45  Pylon  
  76  15:05  Stalker  
  76  15:06  Stalker  
  80  15:15  Templar Archives  
  80  15:24  Pylon  
  80  15:39  Immortal  
  80  15:41  Phoenix x2  
  88  15:47  Stalker x3  
  94  16:11  Observer  
Show
View Real Time Build Order
Export as new Build Order

Salvation Zerg 

Build Orders: Hatch First, Zergling Baneling 

Get SALT Encoding   

  12  0:01  Drone  
  13  0:12  Drone  
  14  0:23  Overlord  
  14  0:45  Drone  
  16  0:50  Drone  
  16  0:51  Hatchery  
  16  0:54  Drone  
  16  1:11  Spawning Pool  
  15  1:13  Extractor  
  15  1:15  Drone  
  15  1:19  Drone  
  15  1:24  Drone  
  17  1:38  Drone  
  18  1:41  Drone  
  19  1:58  Queen  
  21  2:03  Overlord  
  21  2:04  Overlord  
  21  2:10  Zergling x2  
  21  2:12  Queen  
  21  2:13  Zergling x2  
  25  2:26  Zergling x6  
  28  2:38  Metabolic Boost  
  28  2:46  Baneling Nest  
  27  2:55  Zergling x2  
  27  2:56  Zergling x8  
  31  3:12  Zergling x8  
  33  3:13  Zergling x2  
  34  3:23  Zergling x4  
  34  3:31  Baneling  
  34  3:32  Baneling x4  
  34  3:37  Zergling x6  
  37  3:48  Baneling  
  37  3:50  Baneling  
  28  4:30  Zergling x20  
  33  4:51  Baneling x3  
  33  4:52  Drone x3  
  36  5:03  Lair  
  36  5:05  Zergling x6  
  38  5:17  Zergling x4  
  40  5:23  Drone, Extractor  
  40  5:30  Baneling  
  40  5:31  Baneling x3  
  40  5:38  Drone x2  
  40  5:39  Drone x2  
  40  5:41  Overlord x2  
  34  6:07  Drone x6  
  35  6:15  Roach Warren  
  34  6:18  Hydralisk Den  
  34  6:24  Extractor  
  32  6:26  Extractor  
  31  6:33  Zergling x2  
  31  6:35  Zergling x4  
  31  6:36  Zergling x10  
  39  6:46  Drone  
  40  6:48  Drone  
  40  6:49  Drone  
  40  6:50  Drone x3  
  45  7:07  Baneling  
  45  7:08  Baneling x6  
  45  7:12  Drone x3  
  42  7:58  Hydralisk x2  
  42  7:59  Roach x4, Evolution Chamber, Hydralisk x3  
  42  8:02  Evolution Chamber  
  58  8:22  Hatchery  
  57  8:40  Hydralisk  
  59  8:41  Roach  
  59  8:43  Overlord x5  
  59  9:10  Hydralisk x4  
  59  9:11  Roach x5  
  77  9:28  Queen  
  79  9:35  Drone x8  
  75  9:57  Hydralisk x4  
  73  10:07  Drone x5  
  73  10:13  Muscular Augments  
  76  10:36  Extractor  
  76  10:37  Overlord x4  
  76  10:38  Hydralisk x3  
  76  10:39  Extractor, Hydralisk  
  79  11:03  Hydralisk x3  
  79  11:04  Roach x3  
  87  11:30  Drone x3  
  90  11:33  Drone x2  
  90  11:34  Drone, Hydralisk x2  
  90  11:35  Roach x4, Hydralisk x2  
  109  11:45  Zerg Ground Armor Level 1, Hatchery, Zerg Missile Weapons Level 1  
  100  12:14  Hydralisk x5  
  100  12:15  Roach x7  
  120  12:46  Hydralisk  
  120  12:47  Roach x3, Hydralisk x4  
  120  12:48  Overlord, Roach x2  
  120  12:49  Overlord  
  138  13:26  Hydralisk  
  138  13:27  Roach x2, Hydralisk x4  
  138  13:28  Roach x4  
  158  13:52  Overlord x2  
  158  13:53  Overlord x4  
  158  13:55  Zerg Missile Weapons Level 2  
  158  13:56  Zerg Ground Armor Level 2  
  158  14:18  Drone x4  
  158  14:19  Drone x2  
  164  14:37  Hydralisk x5  
  164  14:38  Roach x6, Hydralisk  
  188  14:42  Ravager  
  188  14:43  Ravager x8  
  197  14:46  Ravager  
  197  14:47  Ravager  
  197  14:48  Ravager  
  200  15:19  Extractor  
  200  15:20  Extractor  
  198  15:24  Ravager x2  
  198  15:47  Nydus Network  
  197  15:50  Drone x3  
  200  16:00  Infestation Pit  
Show
View Real Time Build Order
Export as new Build Order

Zepplen Zerg 

Build Orders: Pool First 

Get SALT Encoding   

  12  0:03  Drone  
  13  0:10  Drone  
  14  0:16  Extractor  
  13  0:23  Overlord  
  13  0:27  Drone  
  14  0:49  Spawning Pool  
  13  0:51  Overlord  
  13  1:00  Drone x2  
  15  1:05  Drone  
  16  1:36  Zergling x4  
  16  1:37  Metabolic Boost  
  18  1:46  Queen  
  20  1:48  Zergling x4  
  22  1:59  Zergling x2  
  23  2:09  Baneling Nest  
  22  2:17  Zergling x2  
  23  2:59  Zergling x4  
  23  3:00  Zergling x2  
  20  3:36  Baneling  
  20  3:37  Baneling x5  
  20  3:41  Zergling x10  
  22  4:15  Zergling x6  
  25  4:21  Hatchery  
  25  4:22  Roach Warren  
  18  4:57  Zergling x4  
  18  4:58  Zergling x8  
  24  5:32  Roach x3  
  30  5:35  Lair  
  30  5:42  Drone  
  31  6:13  Drone x3  
  31  6:15  Queen  
  36  6:36  Hatchery  
  36  6:39  Overlord x4  
  35  6:53  Drone  
  36  6:58  Drone  
  37  7:22  Baneling x12  
  37  7:23  Baneling x6  
  37  7:29  Zergling x6  
  31  8:03  Evolution Chamber  
  28  8:06  Drone x4, Evolution Chamber  
  28  8:10  Drone x3  
  33  8:32  Baneling  
  33  8:33  Baneling x4  
  33  8:36  Ravager  
  33  8:37  Ravager  
  35  8:46  Drone x3  
  38  8:49  Drone  
  38  8:50  Drone x5  
  36  9:24  Extractor  
  36  9:28  Extractor  
  34  9:37  Spire  
  33  9:40  Zergling x12  
  33  9:43  Zergling x2  
  33  9:44  Zergling x16  
  48  9:50  Extractor  
  47  10:05  Hatchery  
  46  10:11  Spore Crawler  
  45  10:15  Spore Crawler  
  44  10:34  Zergling x2  
  44  10:35  Drone x2  
  41  11:07  Corruptor x2  
  41  11:10  Zergling x2  
  41  11:11  Mutalisk x5  
  50  11:37  Drone x2  
  50  11:38  Hatchery  
  51  11:47  Mutalisk x4  
  51  11:49  Zergling x6  
  55  12:24  Zergling x2  
  55  12:25  Zergling x16  
  56  12:45  Mutalisk  
  56  12:46  Mutalisk x2  
  62  13:03  Drone x3  
  62  13:05  Drone x2  
  67  13:38  Mutalisk x7  
  67  13:40  Zergling x2  
  82  13:42  Overlord  
  82  13:43  Overlord x4  
  82  13:44  Overlord  
  82  13:45  Overlord  
  82  13:54  Overlord  
  82  13:55  Corruptor x2  
  82  14:01  Zergling x2  
  82  14:02  Zergling x8  
  90  15:00  Corruptor x3  
  90  15:01  Corruptor x2  
  100  15:09  Baneling x2  
  100  15:12  Baneling  
  100  15:20  Corruptor  
  100  15:21  Corruptor x3  
  102  15:23  Zergling x2  
  102  15:24  Zergling x32  
  125  15:40  Baneling x3  
  125  15:41  Baneling x3  
  125  15:42  Baneling  
Tags
 
Add a new tag
Caveats
  • Supply blocks, unpowered buildings, or Contaminate may cause inaccurate times.
  • Supply counts are checked every 10 seconds.